Map: Mech Depot LE

Players

GuMiho - Winner!

  • Race: Terran Terran
  • Spawn Location: 1:00

Serral

  • Race: Zerg Zerg
  • Spawn Location: 7:00

Event: 2017 WCS Global Finals

VOD

Have the link to the VOD?

Description

Time

  • Played on: Oct. 28, 2017, 3:09 p.m.
  • Length: 23:32

All games in this series

Show
View Real Time Build Order
Export as new Build Order

GuMiho Terran - Winner!

Build Orders: Gas First Reaper Expand, Liberator Opening, Reaper Expand, Mech 

Get SALT Encoding   

  12  0:00  SCV  
  13  0:12  SCV  
  14  0:20  Supply Depot  
  14  0:24  SCV  
  15  0:29  Refinery  
  15  0:41  SCV  
  16  0:45  Barracks  
  16  0:53  SCV  
  17  1:05  SCV  
  18  1:18  SCV  
  19  1:31  Orbital Command  
  19  1:32  Reaper  
  20  1:42  Command Center  
  20  1:53  Factory  
  20  1:57  SCV  
  21  2:07  Supply Depot, Barracks Reactor  
  21  2:10  SCV  
  22  2:18  Refinery  
  22  2:22  SCV  
  23  2:34  SCV  
  24  2:40  Hellion  
  24  2:44  Starport  
  26  2:46  SCV  
  27  2:53  Orbital Command  
  28  2:58  SCV  
  28  3:08  Hellion x2  
  28  3:10  SCV  
  33  3:16  Barracks Tech Lab  
  33  3:19  SCV  
  34  3:20  Viking  
  34  3:22  SCV  
  37  3:29  Supply Depot  
  37  3:33  SCV  
  40  3:34  SCV  
  40  3:37  Hellion x2  
  40  3:39  Liberator  
  43  3:43  Barracks Tech Lab  
  43  3:45  SCV  
  43  3:47  SCV  
  45  3:57  SCV  
  45  3:58  Supply Depot  
  45  3:59  SCV  
  50  4:05  Armory  
  50  4:09  SCV  
  51  4:11  SCV  
  51  4:16  Supply Depot  
  52  4:20  Hellion x2  
  52  4:22  SCV  
  52  4:23  SCV  
  58  4:34  SCV  
  58  4:35  SCV  
  60  4:40  Command Center  
  60  4:41  Hellion  
  60  4:43  Hellion  
  64  4:45  Raven  
  64  4:46  SCV  
  64  4:47  SCV  
  64  4:50  Refinery  
  64  4:51  Refinery  
  64  4:52  Supply Depot  
  68  4:58  SCV, Terran Vehicle Weapons Level 1  
  68  4:59  SCV  
  70  5:13  SCV x2  
  70  5:14  Hellion x2  
  76  5:25  Supply Depot  
  76  5:26  SCV x2  
  74  5:30  Factory  
  74  5:32  Factory  
  74  5:38  SCV x2  
  74  5:39  Starport Reactor  
  76  5:44  Supply Depot  
  76  5:50  SCV x2  
  76  5:54  Hellion x2  
  76  5:55  Factory  
  82  5:57  Factory  
  82  6:02  SCV x2  
  84  6:07  Orbital Command  
  84  6:15  Refinery, SCV x2  
  84  6:16  Hellion x2  
  84  6:17  Refinery  
  87  6:27  Thor, SCV x2  
  77  6:33  Thor  
  77  6:35  SCV  
  77  6:39  SCV  
  85  6:40  SCV  
  85  6:42  Factory Reactor  
  85  6:43  Factory Tech Lab  
  86  6:47  SCV  
  86  6:51  SCV  
  86  6:52  SCV  
  86  6:53  Engineering Bay  
  89  6:55  Terran Vehicle Weapons Level 2  
  89  6:58  Medivac x2  
  89  6:59  SCV, Hellion x2  
  98  7:06  SCV x2  
  98  7:07  Supply Depot  
  100  7:11  SCV, Siege Tank  
  100  7:12  Siege Tank  
  107  7:16  Supply Depot  
  107  7:17  Supply Depot  
  107  7:19  SCV x2  
  109  7:26  SCV  
  109  7:27  Siege Tank  
  107  7:31  Hellion x2  
  107  7:32  Viking, Hellion x2  
  117  7:37  SCV x2  
  117  7:38  SCV  
  120  7:46  Siege Tank x2  
  120  7:48  Liberator  
  126  7:52  Widow Mine  
  126  7:53  Hellion  
  126  7:54  Supply Depot  
  126  7:55  Infernal Pre-Igniter, Supply Depot  
  126  7:56  Supply Depot  
  130  8:09  Missile Turret  
  133  8:14  Command Center  
  133  8:15  Siege Tank  
  133  8:18  Siege Tank  
  139  8:23  Hellion x3, Siege Tank  
  139  8:26  Hellion  
  150  8:29  Missile Turret  
  150  8:33  Supply Depot  
  150  8:35  Supply Depot x2  
  150  8:44  Hellion  
  152  8:51  Hellion, Siege Tank  
  152  8:55  Hellion x2, Siege Tank  
  164  8:56  Siege Tank  
  164  9:01  Supply Depot  
  167  9:05  Hellion  
  169  9:11  Terran Vehicle And Ship Armor Level 1  
  169  9:13  Hellion  
  169  9:14  Viking x2  
  169  9:16  Hellion  
  177  9:19  SCV x3  
  177  9:23  Hellion, Siege Tank  
  185  9:27  Hellion, Siege Tank  
  185  9:28  Supply Depot  
  185  9:29  Hellion  
  192  9:34  Hellion  
  192  9:38  Hellion  
  196  9:50  Siege Tank  
  199  10:03  Factory  
  199  10:04  Factory x2  
  199  10:27  Siege Tank  
  199  10:28  Siege Tank  
  200  10:29  Planetary Fortress  
  200  10:37  Command Center  
  200  10:45  Command Center x2  
  200  10:47  Sensor Tower  
  194  10:51  Siege Tank  
  194  10:56  Hellion x3, Factory Tech Lab x2  
  199  10:57  Hellion  
  199  11:00  Siege Tank x2  
  195  11:05  Terran Vehicle Weapons Level 3  
  195  11:15  Siege Tank  
  195  11:16  Hellion  
  195  11:17  Factory Reactor  
  198  11:23  Refinery  
  198  11:24  Refinery, Hellion  
  200  11:38  Siege Tank  
  197  11:42  Siege Tank x2  
  197  11:43  Hellion  
  197  11:44  Hellion  
  197  11:46  Siege Tank  
  193  11:49  Hellion x3  
  193  11:53  Hellion  
  193  11:54  Hellion  
  184  12:00  Planetary Fortress  
  184  12:01  Orbital Command  
  184  12:02  Orbital Command  
  184  12:04  Hellion  
  184  12:06  Hellion  
  177  12:10  Hellion x3  
  177  12:11  Hellion  
  177  12:14  Hellion x2  
  177  12:15  Hellion x2  
  171  12:19  Hellion  
  171  12:22  Viking x2  
  175  12:25  Hellion  
  175  12:27  Hellion  
  181  12:31  Hellion x2, Siege Tank  
  181  12:32  Siege Tank  
  181  12:36  Hellion x4  
  197  13:19  Thor  
  191  13:22  Thor  
  191  13:23  Thor  
  189  13:27  Thor x2  
  191  13:34  Hellion x3  
  191  13:35  Hellion x3  
  191  13:42  Terran Vehicle And Ship Armor Level 2  
  185  13:54  Medivac  
  191  13:55  Hellion x3  
  191  13:56  Hellion x3  
  191  14:02  Thor  
  194  14:10  Thor, Hellion  
  200  14:31  Hellion x2  
  199  14:43  Siege Tank x2  
  199  14:45  Hellion x3, Siege Tank  
  198  14:51  Hellion x2  
  199  14:59  Hellion  
  199  15:13  Command Center x2  
  199  15:18  Refinery x2  
  199  15:24  Hi-Sec Auto Tracking  
  198  15:34  Thor x3  
  198  15:35  Hellion x2  
  200  15:42  Thor, Hellion  
  199  15:43  Hellion  
  199  15:44  Hellion  
  196  15:51  Thor  
  171  15:58  Terran Ship Weapons Level 1, Hellion  
  171  15:59  Hellion  
  171  16:00  Hellion  
  171  16:04  Hellion x2  
  166  16:05  Hellion  
  166  16:07  Command Center  
  170  16:16  Thor  
  170  16:17  Thor, Hellion  
  184  16:20  Hellion x2  
  184  16:21  Building Armor  
  184  16:22  Hellion  
  184  16:25  Hellion x2  
  194  16:26  Hellion  
  194  16:27  Hellion  
  198  16:34  Hellion  
  200  16:43  Hellion  
  200  16:46  Hellion x2, Siege Tank  
  197  16:52  Hellion x3  
  167  16:54  Hellion  
  167  16:55  Siege Tank  
  167  16:59  Siege Tank  
  167  17:00  Siege Tank  
  160  17:04  Hellion  
  160  17:05  Viking x2  
  160  17:07  Siege Tank  
  160  17:08  Hellion  
  152  17:17  Hellion  
  152  17:18  Siege Tank  
  145  17:23  Hellion  
  145  17:25  Hellion  
  145  17:27  Siege Tank  
  123  17:30  Hellion  
  123  17:32  Siege Tank x2  
  123  17:38  Viking  
  123  17:40  Viking, Siege Tank  
  126  17:47  Hellion  
  126  17:50  Siege Tank  
  127  17:59  Terran Vehicle And Ship Armor Level 3  
  127  18:05  Planetary Fortress  
  125  18:08  Medivac  
  125  18:10  Medivac  
  129  18:17  Siege Tank x2  
  129  18:18  Hellion x2  
  133  18:21  Hellion  
  133  18:23  Hellion  
  135  18:28  Hellion x2  
  135  18:33  Siege Tank  
  142  18:35  Siege Tank  
  142  18:39  Siege Tank  
  146  18:43  SCV x4  
  146  18:44  SCV  
  146  18:48  Hellion x2  
  155  18:52  Siege Tank  
  155  18:53  Hellion  
  158  18:57  Hellion x2  
  158  19:01  Orbital Command  
  152  19:03  Siege Tank  
  152  19:05  Siege Tank  
  152  19:07  Hellion  
  155  19:16  Siege Tank  
  158  19:24  Hellion x2  
  162  19:25  SCV x2  
  156  19:31  Hellion x2  
  156  19:35  Siege Tank  
  156  19:36  Hellion  
  156  19:37  SCV  
  164  19:39  Hellion  
  166  19:51  Hellion x3  
  168  19:57  Hellion x4  
  172  20:02  Hellion  
  172  20:03  Hellion  
  176  20:08  Siege Tank  
  176  20:10  Hellion  
  176  20:12  Hellion  
  183  20:16  Viking  
  183  20:18  Viking  
  187  20:21  Hellion  
  187  20:22  Hellion  
  183  20:37  Hellion x2  
  183  20:39  Siege Tank  
  153  20:47  Hellion x2  
  153  20:48  Hellion x2  
  147  20:54  Hellion x3  
  147  20:55  Hellion  
  153  20:59  Hellion x2  
  153  21:08  Hellion x2  
  153  21:10  Hellion x2  
  159  21:11  Viking  
  159  21:12  Siege Tank  
  159  21:15  Hellion  
  159  21:16  Hellion x2  
  159  21:17  Hellion  
  172  21:20  Hellion x2  
  148  21:30  Hellion x2  
  148  21:31  Hellion x2  
  154  21:37  Hellion x3  
  154  21:38  Hellion  
  162  21:41  Hellion  
  162  21:44  Hellion  
  166  21:52  Siege Tank  
  167  21:58  Hellion, Siege Tank  
  157  22:02  Siege Tank  
  157  22:04  Hellion  
  157  22:06  Hellion  
  141  22:09  Hellion  
  135  22:18  Hellion x2  
  135  22:19  Hellion  
  135  22:21  Hellion  
  141  22:26  Hellion  
  141  22:35  Viking  
  141  22:36  Viking  
  135  22:59  Orbital Command  
  135  23:07  SCV x3  
Show
View Real Time Build Order
Export as new Build Order

Serral Zerg 

Build Orders: Pool First, Swarm Host 

Get SALT Encoding   

  12  0:00  Drone  
  13  0:12  Overlord  
  13  0:17  Drone  
  14  0:31  Drone x2  
  14  0:34  Drone  
  17  0:44  Extractor  
  17  0:45  Drone  
  17  0:50  Spawning Pool  
  17  0:56  Drone  
  17  1:06  Drone  
  18  1:18  Hatchery  
  18  1:22  Drone  
  18  1:37  Queen, Zergling x2  
  21  1:44  Metabolic Boost  
  21  1:50  Overlord  
  21  1:55  Drone  
  22  2:08  Drone  
  22  2:11  Drone  
  22  2:12  Queen  
  26  2:21  Drone  
  27  2:30  Queen  
  27  2:31  Zergling x2  
  27  2:32  Drone  
  31  2:41  Drone  
  32  2:44  Drone x2  
  32  2:45  Drone x2  
  32  2:48  Pneumatized Carapace  
  36  2:54  Overlord  
  35  3:10  Hatchery  
  35  3:11  Drone  
  35  3:13  Drone  
  35  3:15  Drone  
  35  3:18  Drone  
  38  3:21  Overlord  
  38  3:24  Zergling x2  
  38  3:25  Drone  
  40  3:28  Zergling x2  
  40  3:29  Drone  
  42  3:36  Queen  
  42  3:37  Extractor  
  42  3:39  Overlord  
  44  3:51  Zergling x6  
  44  3:53  Drone x4  
  51  3:58  Overlord  
  51  4:00  Overlord  
  51  4:02  Drone  
  52  4:11  Overlord  
  52  4:16  Queen, Lair  
  54  4:17  Drone  
  54  4:22  Zergling x4  
  57  4:25  Extractor  
  57  4:26  Baneling Nest, Drone  
  57  4:28  Drone  
  57  4:29  Drone  
  58  4:34  Queen  
  58  4:37  Drone x2  
  62  4:40  Drone x2  
  62  4:42  Drone  
  62  4:44  Drone  
  66  4:46  Drone  
  66  4:49  Overlord  
  67  4:53  Drone  
  67  4:55  Zergling x4  
  67  4:58  Drone x2  
  72  5:02  Zergling x4  
  72  5:04  Drone x2  
  76  5:08  Zergling x4  
  76  5:10  Baneling x5  
  76  5:11  Baneling  
  78  5:16  Drone  
  78  5:18  Spore Crawler  
  78  5:20  Drone  
  70  5:25  Drone x2  
  71  5:28  Drone  
  71  5:32  Drone  
  71  5:35  Drone  
  74  5:40  Queen  
  76  5:45  Drone x2  
  76  5:47  Drone x2  
  80  5:53  Centrifical Hooks  
  81  5:57  Drone x2  
  81  6:00  Overlord  
  81  6:02  Extractor, Evolution Chamber  
  80  6:05  Baneling x2  
  80  6:06  Baneling x2  
  80  6:08  Overlord  
  80  6:15  Drone, Zergling x4  
  80  6:16  Zergling x4  
  82  6:20  Drone x2  
  82  6:22  Drone x3  
  82  6:23  Drone  
  82  6:24  Queen  
  84  6:29  Overlord  
  84  6:30  Drone x3  
  84  6:32  Zerg Missile Weapons Level 1  
  85  6:34  Overlord  
  85  6:37  Extractor  
  85  6:38  Hydralisk Den, Extractor  
  85  6:39  Extractor, Drone x3  
  84  6:46  Drone  
  85  6:48  Drone x2  
  85  6:51  Baneling x4  
  87  6:55  Hatchery  
  86  7:06  Overlord  
  86  7:08  Muscular Augments, Hydralisk x2  
  86  7:13  Hydralisk  
  92  7:18  Hydralisk x2  
  92  7:20  Zergling x2  
  92  7:21  Zergling x18  
  97  7:30  Hydralisk x3  
  101  7:41  Queen  
  97  7:46  Drone x2  
  97  7:47  Hydralisk x4, Drone  
  97  7:49  Zergling x2  
  97  7:50  Zergling x8  
  113  7:57  Zergling x2  
  114  7:59  Baneling  
  114  8:01  Baneling x3  
  114  8:03  Overlord  
  114  8:04  Overlord x2  
  114  8:10  Queen  
  114  8:11  Infestation Pit, Evolution Chamber  
  114  8:13  Baneling x8  
  114  8:18  Zergling x10  
  119  8:26  Drone x2  
  119  8:27  Drone x5  
  126  8:31  Zerg Missile Weapons Level 2  
  126  8:34  Drone x4  
  129  8:39  Zerg Melee Weapons Level 1  
  129  8:40  Overlord  
  130  8:46  Drone x2  
  131  8:52  Hydralisk x3  
  131  8:53  Zergling x10  
  142  9:02  Drone x3  
  142  9:03  Zergling x6  
  142  9:07  Zergling x4  
  146  9:13  Zergling x8  
  146  9:15  Hatchery  
  149  9:18  Hive  
  149  9:20  Overlord x2  
  146  9:24  Overlord  
  146  9:27  Baneling x6  
  146  9:33  Overlord x2  
  145  9:40  Overlord  
  145  9:48  Zergling x12  
  145  9:49  Zergling x20  
  156  9:57  Zergling x6  
  156  9:59  Baneling x10  
  157  10:03  Drone x2  
  157  10:04  Drone  
  157  10:08  Overlord  
  157  10:11  Swarm Host x6  
  174  10:19  Drone x2  
  169  10:33  Hatchery  
  169  10:34  Swarm Host x3  
  177  10:36  Viper x2  
  166  10:51  Swarm Host x6  
  166  10:53  Zergling x4  
  184  11:00  Baneling  
  184  11:01  Baneling x5, Zergling x6  
  184  11:03  Overlord x3  
  184  11:15  Zergling x2  
  184  11:16  Zergling x2  
  184  11:18  Zerg Melee Weapons Level 2, Zerg Missile Weapons Level 3  
  184  11:23  Extractor  
  185  11:25  Extractor  
  185  11:26  Baneling x8  
  185  11:27  Drone x3  
  185  11:28  Hydralisk  
  185  11:29  Zergling x2  
  185  11:30  Zergling x18  
  185  11:31  Baneling  
  185  11:32  Baneling  
  189  11:48  Zergling x16  
  192  11:56  Baneling  
  192  11:58  Viper x2  
  192  11:59  Hatchery  
  197  12:05  Zergling x2  
  197  12:06  Zergling x12  
  192  12:10  Zergling x6  
  168  12:17  Hydralisk x2  
  168  12:21  Hydralisk x5  
  182  12:29  Drone  
  183  12:30  Extractor  
  183  12:36  Zergling x12  
  188  12:37  Zergling x2  
  188  12:43  Hatchery  
  187  12:50  Zergling x2  
  187  12:51  Zergling x20  
  184  13:00  Zergling x2  
  184  13:01  Zergling x14  
  191  13:10  Zergling x10  
  191  13:11  Baneling x2  
  191  13:12  Baneling x7  
  184  13:23  Hatchery  
  182  13:28  Drone x2  
  182  13:29  Drone  
  182  13:34  Zergling x14  
  188  13:47  Hydralisk x4  
  184  13:51  Drone x3  
  186  13:56  Baneling  
  186  13:57  Baneling x7  
  186  14:07  Zergling x2  
  186  14:08  Zergling x16  
  191  14:10  Hatchery  
  190  14:20  Drone  
  192  14:24  Zergling x18  
  192  14:30  Baneling x6  
  193  14:43  Zergling x14  
  192  14:50  Viper x2  
  197  14:56  Viper  
  200  15:05  Zerg Ground Armor Level 1  
  200  15:06  Baneling x2  
  200  15:07  Baneling x5  
  200  15:22  Burrow, Hatchery  
  177  15:43  Hydralisk x9  
  184  15:57  Viper x4  
  175  16:03  Hatchery  
  186  16:10  Drone x3  
  184  16:12  Drone x5  
  189  16:19  Zergling x2  
  189  16:20  Zergling x12  
  195  16:29  Extractor, Drone x2  
  195  16:30  Zergling x4  
  195  16:31  Zergling x2  
  194  16:52  Zergling x2  
  194  16:53  Zergling x24  
  196  16:58  Viper  
  196  17:00  Baneling x2  
  199  17:03  Drone  
  190  17:18  Zergling x12  
  190  17:19  Zergling x12  
  186  17:27  Hydralisk x3  
  174  17:32  Drone  
  174  17:33  Drone x3  
  178  17:42  Spine Crawler, Zergling x6  
  177  17:45  Viper x2  
  177  17:46  Viper  
  177  17:47  Drone  
  177  17:49  Drone x2  
  184  17:53  Drone  
  184  17:54  Drone x2  
  184  17:56  Baneling x5  
  187  18:01  Zerg Ground Armor Level 2  
  187  18:15  Drone x3  
  187  18:17  Zerg Melee Weapons Level 3  
  187  18:18  Zergling x2  
  187  18:19  Zergling x8  
  191  18:26  Drone x2  
  190  18:29  Ultralisk Cavern, Drone x3  
  192  18:40  Hatchery  
  186  18:48  Hydralisk  
  186  18:49  Hydralisk x5  
  186  18:52  Zergling x4  
  200  19:10  Spine Crawler  
  200  19:11  Spine Crawler  
  200  19:14  Spore Crawler  
  197  19:17  Chitinous Plating  
  197  19:18  Hydralisk  
  199  19:27  Zergling x6  
  199  19:28  Zergling x10  
  199  19:39  Extractor  
  199  19:40  Drone  
  172  19:49  Drone x2  
  172  19:50  Drone x9  
  168  19:53  Drone x3  
  168  19:54  Drone x3  
  168  19:55  Drone x2  
  168  19:57  Drone x2  
  168  19:58  Drone x4  
  168  19:59  Drone  
  184  20:00  Drone  
  184  20:15  Hatchery  
  184  20:20  Baneling x4  
  180  20:34  Zergling x14  
  181  20:41  Hydralisk  
  181  20:42  Hydralisk  
  176  20:43  Zergling x2  
  176  20:46  Zergling x4  
  174  20:52  Zergling x2  
  174  20:53  Zergling x6  
  175  21:02  Zergling x2  
  172  21:04  Baneling x2  
  172  21:05  Baneling x5  
  172  21:10  Hydralisk x2  
  172  21:11  Hydralisk  
  176  21:12  Zergling x2  
  153  21:26  Viper x3  
  158  21:39  Hydralisk x2  
  161  21:59  Zergling x20  
  147  22:11  Zergling x2  
  147  22:12  Zergling x14  
  148  22:16  Hatchery  
  148  22:20  Hydralisk  
  148  22:21  Zergling x2  
  148  22:22  Zergling x2  
  136  22:35  Zergling x2  
  136  22:36  Zergling x6  
  108  22:43  Zergling x2  
  108  22:44  Zergling x2  
  109  22:47  Hatchery  
  109  22:48  Baneling  
  109  22:49  Drone  
Tags
 
Add a new tag
Caveats
  • Supply blocks, unpowered buildings, or Contaminate may cause inaccurate times.
  • Supply counts are checked every 10 seconds.